 Dungeon Crawl Stone Soup version 0.22.0-60-ga52c2fcf6e (webtiles) character file.

187 Riddle the Magician (level 5, 0/37 HPs)
             Began as a Gnoll Wizard on Sept 9, 2018.
             Slain by an orc priest
             ... wielding a +0 flail
              (8 damage)
             ... on level 3 of the Dungeon.
             The game lasted 00:04:36 (2971 turns).

Riddle the Magician (Gnoll Wizard)                  Turns: 2971, Time: 00:04:36

Health: 0/37       AC:  2    Str:  9    XL:     5   Next: 66%
Magic:  1/14       EV: 14    Int: 22    God:
Gold:   179        SH:  0    Dex: 13    Spells: 5/18 levels left

rFire    . . .     SeeInvis .   o - +4 quarterstaff (chaos)
rCold    . . .     Gourm    .   (shield currently unavailable)
rNeg     . . .     Faith    .   a - +0 robe
rPois    .         Spirit   .   b - +0 hat
rElec    .         Reflect  .   s - scarf {cloud immunity}
rCorr    .         Harm     .   (no gloves)
MR       .....                  (no boots)
Stlth    +++.......             (no amulet)
HPRegen  0.12/turn              c - ring of wizardry
MPRegen  0.14/turn              r - ring of wizardry

@: no status effects
A: distributed training, fangs 1, strong nose
a: no special abilities


You were on level 3 of the Dungeon.
You were very hungry.

You visited 1 branch of the dungeon, and saw 3 of its levels.

You collected 179 gold pieces.

Inventory:

Hand Weapons
 o - a +4 quarterstaff of chaos (weapon)
Armour
 a - a +0 robe (worn)
 b - a +0 hat (worn)
 s - a scarf of cloud immunity (worn)
Jewellery
 c - a ring of wizardry (left hand)
 p - an uncursed ring of positive energy {unknown}
 q - a +3 ring of intelligence {unknown}
 r - a ring of wizardry (right hand)
Scrolls
 e - a scroll of teleportation {unknown}
 h - a scroll of remove curse
 i - a scroll of random uselessness {unknown}
 j - a scroll of enchant weapon {unknown}
 l - a scroll of amnesia {unknown}
 m - a scroll of identify {unknown}
Potions
 f - 2 potions of heal wounds {unknown}
 g - a potion of invisibility {unknown}
 k - a potion of ambrosia {unknown}
 n - 2 potions of curing {unknown}
Comestibles
 d - 5 rations


   Skills:
 + Level 1.5 Fighting
 + Level 1.5 Short Blades
 + Level 1.5 Long Blades
 + Level 1.5 Axes
 + Level 1.5 Maces & Flails
 + Level 1.5 Polearms
 + Level 1.5 Staves
 + Level 1.5 Slings
 + Level 1.5 Bows
 + Level 1.5 Crossbows
 + Level 1.5 Throwing
 + Level 1.5 Armour
 + Level 4.8 Dodging
 + Level 4.4 Stealth
 + Level 1.5 Shields
 + Level 1.5 Unarmed Combat
 + Level 7.3 Spellcasting
 + Level 2.4 Conjurations
 + Level 1.2 Hexes
 + Level 1.2 Charms
 + Level 2.4 Summonings
 + Level 1.2 Necromancy
 + Level 2.4 Translocations
 + Level 1.2 Transmutations
 + Level 1.2 Fire Magic
 + Level 1.2 Ice Magic
 + Level 1.2 Air Magic
 + Level 1.2 Earth Magic
 + Level 1.2 Poison Magic
 + Level 1.7 Invocations
 + Level 1.5 Evocations


You had 5 spell levels left.
You knew the following spells:

 Your Spells              Type           Power        Failure   Level  Hunger
a - Magic Dart            Conj           ###.         1%          1    None
b - Blink                 Tloc           N/A          1%          2    None
c - Call Imp              Summ           ###.....     1%          2    None
d - Slow                  Hex            ##......     2%          2    None
e - Conjure Flame         Conj/Fire      ###.....     3%          3    None
f - Mephitic Cloud        Conj/Pois/Air  ###.....     3%          3    None

Your spell library contained the following spells:

 Spells                   Type           Power        Failure   Level  Hunger


Dungeon Overview and Level Annotations

Branches:
Dungeon (3/15)

Altars:
Wu Jian


Innate Abilities, Weirdness & Mutations

Your experience applies equally to all skills.
You have very sharp teeth.
Your uncanny sense of smell can sniff out nearby items.


Message History

The orc priest is moderately wounded.
The hobgoblin hits you. The orc priest barely misses you.
Casting: Magic Dart (safe; 1% risk of failure)
Confirm with . or Enter, or press ? or * to list all spells.
Aiming: Magic Dart (safe; 1% risk of failure)
Press: ? - help, Shift-Dir - straight line, f/p - orc priest
Aim: an orc priest, wielding a flail and wearing a ring mail (moderately The magic dart hits the orc priest.
The orc priest is heavily wounded.
A leopard gecko comes into view.
The hobgoblin barely misses you.
The orc priest invokes the aid of Beogh against you.
Beogh smites you!
* * * LOW HITPOINT WARNING * * *
The leopard gecko hisses angrily.
You closely miss the orc priest.
The orc priest is heavily wounded.
The hobgoblin hits you but does no damage.
The orc priest hits you with a flail!
You die...

#...# #.#.# #.#.# #
#.#.# #. #.#.# .l #.#.#
#.##########.#.######
###.)g.................
#....o@.######.#.######
∆#.....#.# #.#.#
.....#.#.# #.#.# ....
..#.# #.#.# .#. ####.#
#.#.# .. #.# #.#.# .
#.# #(#.###### .# #....
#....


You could see an orc priest, a leopard gecko and a hobgoblin.

Vanquished Creatures
  Crazy Yiuf (D:2)
  4 adders
  2 gnolls
  A shadow imp (D:3)
  An ooze (D:3)
  2 worms
  A dart slug (D:1)
  5 leopard geckos
  8 orcs (D:3)
  2 ball pythons
  5 giant cockroaches
  6 goblins
  5 hobgoblins (D:1)
  2 jackals (D:2)
  8 kobolds
  7 bats
  3 frilled lizards
  9 rats
  2 fungi (D:2)
74 creatures vanquished.

Notes
Turn   | Place    | Note
-------+----------+-------------------------------------------
     0 | D:1      | Riddle the Gnoll Wizard began the quest for the Orb.
     0 | D:1      | Reached XP level 1. HP: 13/13 MP: 8/8
   166 | D:1      | Reached XP level 2. HP: 19/19 MP: 7/10
   403 | D:1      | Reached XP level 3. HP: 13/25 MP: 1/11
   824 | D:1      | Reached skill level 1 in Invocations
   968 | D:2      | Found a faded altar of an unknown god.
   981 | D:2      | Reached skill level 1 in Fighting
   981 | D:2      | Reached skill level 1 in Short Blades
   981 | D:2      | Reached skill level 1 in Long Blades
   981 | D:2      | Reached skill level 1 in Axes
   981 | D:2      | Reached skill level 1 in Maces & Flails
   981 | D:2      | Reached skill level 1 in Polearms
   981 | D:2      | Reached skill level 1 in Staves
   981 | D:2      | Reached skill level 1 in Slings
   981 | D:2      | Reached skill level 1 in Bows
   981 | D:2      | Reached skill level 1 in Crossbows
   981 | D:2      | Reached skill level 1 in Throwing
   981 | D:2      | Reached skill level 1 in Armour
   981 | D:2      | Reached skill level 1 in Shields
   981 | D:2      | Reached skill level 1 in Unarmed Combat
   981 | D:2      | Reached skill level 1 in Evocations
  1136 | D:2      | Reached XP level 4. HP: 32/32 MP: 8/13
  1224 | D:2      | Found an ornate altar of the Wu Jian Council.
  1510 | D:2      | Reached skill level 1 in Hexes
  1510 | D:2      | Reached skill level 1 in Charms
  1510 | D:2      | Reached skill level 1 in Necromancy
  1510 | D:2      | Reached skill level 1 in Transmutations
  1510 | D:2      | Reached skill level 1 in Fire Magic
  1510 | D:2      | Reached skill level 1 in Ice Magic
  1510 | D:2      | Reached skill level 1 in Air Magic
  1510 | D:2      | Reached skill level 1 in Earth Magic
  1510 | D:2      | Reached skill level 1 in Poison Magic
  1878 | D:2      | Found a runed door.
  1882 | D:2      | Noticed Crazy Yiuf
  1939 | D:2      | Killed Crazy Yiuf
  1939 | D:2      | Reached XP level 5. HP: 9/37 MP: 0/14
  2495 | D:3      | Learned a level 2 spell: Blink
  2498 | D:3      | Learned a level 2 spell: Call Imp
  2501 | D:3      | Learned a level 2 spell: Slow
  2505 | D:3      | Learned a level 3 spell: Conjure Flame
  2509 | D:3      | Learned a level 3 spell: Mephitic Cloud
  2971 | D:3      | Slain by an orc priest

Skill      XL: |  1  2  3  4 |
---------------+-------------+-----
Conjurations   | 2 |  2.4
Summonings     | 2 |  2.4
Translocations | 2 |  2.4
Invocations    | 1 |  1.7
Fighting       | 1 |  1.5
Short Blades   | 1 |  1.5
Long Blades    | 1 |  1.5
Axes           | 1 |  1.5
Maces & Flails | 1 |  1.5
Polearms       | 1 |  1.5
Staves         | 1 |  1.5
Slings         | 1 |  1.5
Bows           | 1 |  1.5
Crossbows      | 1 |  1.5
Throwing       | 1 |  1.5
Armour         | 1 |  1.5
Shields        | 1 |  1.5
Unarmed Combat | 1 |  1.5
Evocations     | 1 |  1.5
Hexes          | 1 |  1.2
Charms         | 1 |  1.2
Necromancy     | 1 |  1.2
Transmutations | 1 |  1.2
Fire Magic     | 1 |  1.2
Ice Magic      | 1 |  1.2
Air Magic      | 1 |  1.2
Earth Magic    | 1 |  1.2
Poison Magic   | 1 |  1.2
Dodging        | |  4.8
Stealth        | |  4.4
Spellcasting   | |  7.3

Action                   |  1- 3 |  4- 6 || total
-------------------------+-------+-------++-------
Melee: Unarmed           |       |    55 ||    55
       Bite              |       |    14 ||    14
       Quarterstaff      |       |     5 ||     5
 Cast: Magic Dart        |    69 |   126 ||   195
       Blink             |       |     2 ||     2
  Use: Scroll            |       |     1 ||     1
 Stab: Confused          |       |     1 ||     1
  Eat: Chunk             |       |     5 ||     5
Armor: Robe              |       |     2 ||     2
Dodge: Dodged            |     8 |    24 ||    32
